AoeStats
← teshi

Northern Isles

510775960Analyzed
1v1 RM · 20h ago on Oct 2, 2026· 44m 27s· 2 players
Game mode
Random Map
Map size
Tiny (2 player)
Population
200
Speed
Normal
Resources
Standard
Victory
Conquest
Starting age
Dark Age
Ending age
Imperial Age
RankedLock teamsTeams togetherTeam positionsShared explorationLock speedFull tech treeHidden civsTurbo modeCheats
Victory
Defeat
🇯🇵 Vikings · Japan
1161
+17
🇨🇳 Chinese · China
1186
-17
teshi
9:28 Loom
11:37 Feudal Age
13:09 Town Watch
15:40 Castle Age
13:40 Double-Bit Axe
14:58 Fletching
15:17 Fishing Lines
17:13 Bodkin Arrow
20:22 Medium Warships
23:23 Gold Mining
23:55 Town Patrol
24:16 Clinker Construction
24:17 Careening
24:36 Gillnets
25:23 Bow Saw
27:29 Forging
27:23 Horse Collar
31:20 Iron Casting
35:18 Imperial Age
33:53 Chieftains
33:55 Treadmill Crane
34:27 Masonry
36:25 Conscription
36:31 Bracer
37:45 Chemistry
37:34 Architecture
36:55 Capped Ram
39:18 Heavy Warships
39:52 Hoardings
42:19 Blast Furnace
41:19 Scale Mail Armor
42:08 Dry Dock
42:08 Carvel Hull
42:10 Ballistics
42:20 Padded Archer Armor
44:00 Elite Longship
拼命三郎石秀
0:28 Loom
11:31 Feudal Age
12:05 Double-Bit Axe
19:36 Castle Age
17:44 Gold Mining
20:09 Town Watch
20:51 Medium Warships
20:22 Fishing Lines
21:04 Bow Saw
22:56 Horse Collar
25:53 Gillnets
27:24 Wheelbarrow
29:08 Clinker Construction
29:09 Careening
30:50 Ballistics
30:23 Heated Shot
33:14 Fletching
37:59 Imperial Age
36:28 Padded Archer Armor
37:11 Stone Mining
38:47 Siphons
39:44 Heavy Warships
39:31 Bodkin Arrow
39:51 Leather Archer Armor
40:38 Chemistry
40:00 Dry Dock
Connection lost

Rejoining the realm…

Still unreachable

The connection could not be restored.

Session expired

The server has moved on; the page needs a fresh start.